 Dungeon Crawl Stone Soup version 0.31-a0-1321-g5021b54cb2 (webtiles) character file.

Game seed: 13518105974123708688

43 cowhearter the Chopper (level 3, 0/33 HPs)
             Began as a Hill Orc Cinder Acolyte on Dec 21, 2023.
             Was a High Priest of Ignis.
             Splashed by a jelly's acid (4 damage)
             ... on level 3 of the Dungeon.
             The game lasted 00:03:17 (2331 turns).

cowhearter the Chopper (Hill Orc Cinder Acolyte)    Turns: 2331, Time: 00:03:18

Health: 0/33       AC: -14   Str: 18    XL:     3   Next: 58%
Magic:  4/4        EV: 11    Int: 14    God:    Ignis [*****.]
Gold:   116        SH:  0    Dex:  6    Spells: 4/4 levels left

rFire   + . .        a - -1 hand axe (flame)
rCold   . . .        (no shield)
rNeg    . . .        b - +0 robe
rPois   .            (no helmet)
rElec   .            (no cloak)
rCorr   .            (no gloves)
SInv    .            (no boots)
Will    .....        (no amulet)
Stlth   +            (no ring)
HPRegen 0.25/turn    (no ring)
MPRegen 0.09/turn

%: no passive effects
@: corroded
A: no striking features
a: Renounce Religion, Fiery Armour, Foxfire Swarm, Rising Flame


You were on level 3 of the Dungeon.
You worshipped Ignis.
Ignis was extremely pleased with you.
You visited 1 branch of the dungeon, and saw 3 of its levels.

You collected 116 gold pieces.

Inventory:

Hand Weapons
 a - a -1 hand axe of flaming (weapon)
Armour
 b - a +0 robe (worn)
Scrolls
 c - a scroll of noise {unknown}
 d - a scroll of revelation {unknown}
 e - 2 scrolls of immolation {unknown}
 g - a scroll of identify {unknown}
 i - a scroll of enchant armour {unknown}
 j - a scroll of teleportation {unknown}
 m - a scroll of vulnerability {unknown}
 n - a scroll of brand weapon {unknown}
 p - a scroll of silence {unknown}
Potions
 f - a potion of invisibility {unknown}
 h - 3 potions of heal wounds {unknown}
 k - a potion of degeneration {unknown}
 l - a potion of brilliance {unknown}
 o - a potion of resistance {unknown}


   Skills:
 + Level 4.1 Fighting
 + Level 4.6 Axes
 + Level 0.4 Dodging
 + Level 0.3 Stealth
 + Level 1.0 Spellcasting
 + Level 3.8 Fire Magic


You had 4 spell levels left.
You didn't know any spells.
Your spell library contained the following spells:

 Spells                   Type           Power      Damage    Failure   Level
 Scorch                   Fire           22%        2d5       9%          2
 Summon Guardian Golem    Hex/Summ       0%         N/A       61%         3
 Alistair's Intoxication  Alch           0%         N/A       100%        5
 Borgnjor's Vile Clutch   Necr/Erth      0%         N/A       100%        5
 Eringya's Noxious Bog    Alch           0%         4d6       100%        6
 Orb of Destruction       Conj           0%         9d5       100%        7
 Spellforged Servitor     Conj/Summ      0%         N/A       100%        7


Dungeon Overview and Level Annotations

Branches:
Dungeon (3/15)

Altars:
Vehumet


Message History

You are no longer poisoned.
HP restored.
You open the door.
There is an open door here.
Found a robe.
You open the door.
There is an open door here.
You open the door.
There is an open door here.
A jelly comes into view.
The jelly hits you but does no damage.
You hit the jelly. You burn the jelly.
Your hands burn!
The jelly is moderately wounded.
The jelly closely misses you.
You hit the jelly. You burn the jelly.
Your hands burn!
The jelly is heavily wounded.
The jelly hits you. The acid corrodes you!
You are splashed with acid.
You hit the jelly. You burn the jelly. The acid corrodes you!
Your hands burn!
The jelly is almost dead.
The jelly hits you. The acid corrodes you!
You are splashed with acid.
* * * LOW HITPOINT WARNING * * *
You are too injured to fight recklessly!
You are too injured to fight recklessly!
You are too injured to fight recklessly!
You are too injured to fight recklessly!
You are too injured to fight recklessly!
You are too injured to fight recklessly!
You are too injured to fight recklessly!
You are too injured to fight recklessly!
You are too injured to fight recklessly!
You are too injured to fight recklessly!
You are too injured to fight recklessly!
You are too injured to fight recklessly!
You are too injured to fight recklessly!
You hit the jelly. You burn the jelly. The acid corrodes you!
Your hands burn!
* * * LOW HITPOINT WARNING * * *
The jelly is almost dead.
The jelly barely misses you.
You hit the jelly but do no damage. The acid corrodes you!
Your hands burn!
You die...

#. #.
###.### .
#.....##
#.##......
.........#
#...J.#
#...@.#
#.....# #
##...###.#
#.#.....##
##.........
#.########
#######'##
.........##
#####[....##


You could see a jelly.

Vanquished Creatures
  2 adders
  A dart slug (D:2)
  An endoplasm (D:2)
  2 goblins
  A hobgoblin (D:2)
  7 jackals (D:2)
  A quokka (D:1)
  A frilled lizard (D:2)
  3 kobolds
  2 rats (D:1)
21 creatures vanquished.

Notes
Turn   | Place    | Note
-------+----------+-------------------------------------------
     0 | D:1      | cowhearter the Hill Orc Cinder Acolyte began the quest for
                  | the Orb.
     0 | D:1      | Reached XP level 1. HP: 19/19 MP: 2/2
   879 | D:2      | Found a radiant altar of Vehumet.
  1153 | D:2      | Reached XP level 2. HP: 22/27 MP: 3/3
  1519 | D:2      | Reached XP level 3. HP: 19/33 MP: 4/4
  2331 | D:3      | Splashed by a jelly's acid

Illustrated notes

Levels and vault maps discovered:
D:1:      dpeg_arrival_oval, layout_basic
D:2:      layout_basic, basic_altar
D:3:      layout_loops_corners, lemuel_doored_altar

Skill      XL: |  1  2  3 |
---------------+----------+-----
Fighting       | 4 |  4.1
Axes           | |  4.6
Dodging        | |  0.4
Stealth        | |  0.3
Spellcasting   | |  1.0
Fire Magic     | |  3.8

Action                     || total
---------------------------++-------
  Melee: Hand axe          ||    79
         Punch             ||     1
 Armour: Robe              ||    57
  Dodge: Dodged            ||    48

Table legend: (Time is in decaauts)
 A = Elapsed time spent in this place.
 B = Non-inter-level travel time spent in this place.
 C = Inter-level travel time spent in this place.
 D = Time resting spent in this place.
 E = Time spent auto-exploring this place.
 F = Levels seen in this place.
 G = Mean time per level.
                   A        B        C        D        E       F      G
               +--------+--------+--------+--------+--------+-----+--------+
         Total |   2337 |   2206 |    131 |    101 |   1887 |   3 |  779.0 |
       Dungeon |   2337 |   2206 |    131 |    101 |   1887 |   3 |  779.0 |
               +--------+--------+--------+--------+--------+-----+--------+

Top non-repeatable levels by time:
     D:2: 1377 daAuts
     D:1: 864 daAuts
     D:3: 95 daAuts
